 Dungeon Crawl Stone Soup version 0.24.0-37-gcf1ca852f1 (webtiles) character file.

Game seed: 18139239485878003174, levelgen mode: deterministic

49170 grindst0ne the Fighter (level 14, -3/172 HPs)
             Began as a Gnoll Wanderer on Nov 29, 2019.
             Was a Priest of Qazlal.
             Slain by a death knight
             ... wielding a +1 battleaxe of electrocution
              (16 damage)
             ... on level 11 of the Dungeon.
             The game lasted 00:52:03 (22808 turns).

grindst0ne the Fighter (Gnoll Wanderer)            Turns: 22808, Time: 00:52:04

Health: -3/172     AC: 27    Str: 16    XL:     14   Next: 49%
Magic:  6/9        EV:  2    Int: 15    God:    Qazlal [***...]
Gold:   1549       SH:  3    Dex: 26    Spells: 29/31 levels left

rFire    . . .     SeeInvis .   I - +5 battleaxe (antimagic)
rCold    + . .     Gourm    .   (shield currently unavailable)
rNeg     + + +     Faith    .   (armour currently unavailable)
rPois    +         Spirit   .   (helmet currently unavailable)
rElec    .         Reflect  .   (cloak currently unavailable)
rCorr    .         Harm     .   (gloves currently unavailable)
MR       +....     NoTele   +   (boots currently unavailable)
Stlth    +++++.....             N - amulet of regeneration
HPRegen  0.78/turn              n - +3 ring of dexterity
MPRegen  0.11/turn              v - ring of protection from cold

@: agile, tree-form
A: distributed training, strong nose
a: Upheaval, Elemental Force, Renounce Religion


You were on level 11 of the Dungeon.
You worshipped Qazlal.
Qazlal was most pleased with you.
You were very hungry.
You were a tree.
You visited 3 branches of the dungeon, and saw 19 of its levels.

You collected 1549 gold pieces.

Inventory:

Hand Weapons
 h - a +2 dagger of venom
 u - the cursed +3 scimitar of the Enchanted Forest {pain, rPois rC+ Stlth+}
   (You took it off an orc warrior on level 4 of the Dungeon)

   In the hands of one skilled in necromantic magic, it inflicts extra damage on
   living creatures.
   It protects you from cold.
   It protects you from poison.
   It makes you more stealthy.
   It has a curse placed upon it.
 B - a +1 lajatang of protection
 I - a +5 antimagic battleaxe (weapon)
 V - a +3 longbow of flaming
Missiles
 D - 41 poisoned darts (quivered)
 W - 80 arrows
Armour
 d - a +2 hat (melded)
 i - a +0 buckler
 G - a +3 chain mail of poison resistance (melded)
 K - a +0 cloak (melded)
 X - a +1 pair of gloves (melded)
Jewellery
 b - an uncursed amulet of magic regeneration {unknown}
 e - an uncursed ring of ice
 n - a +3 ring of dexterity (left branch)
 o - an uncursed ring of stealth
 s - an uncursed ring of flight
 v - a ring of protection from cold (right branch)
 N - an amulet of regeneration (around neck)
Wands
 w - a wand of random effects (16)
 S - a wand of polymorph (14)
Scrolls
 g - 2 scrolls of amnesia
 j - 9 scrolls of remove curse
 k - 2 scrolls of magic mapping
 l - 2 scrolls of immolation
 p - 2 scrolls of enchant weapon
 q - 4 scrolls of enchant armour
 x - a scroll of fear
 y - 2 scrolls of fog
 z - a scroll of teleportation
 J - a scroll of blinking {unknown}
 Q - a scroll of holy word {unknown}
 R - a scroll of vulnerability {unknown}
Potions
 m - 2 potions of mutation
 r - a potion of agility
 t - 3 potions of ambrosia
 C - 2 potions of brilliance
 L - 3 potions of haste
Miscellaneous
 a - a fan of gales (inert)
 M - a lamp of fire (inert)
 P - a lightning rod (inert)
Comestibles
 f - 24 rations


   Skills:
 + Level 12.1 Fighting
 + Level 9.5 Short Blades
 + Level 9.1 Long Blades
 + Level 9.1 Axes
 + Level 9.1 Maces & Flails
 + Level 9.1 Polearms
 + Level 9.1 Staves
 + Level 9.1 Slings
 + Level 9.5 Bows
 + Level 9.1 Crossbows
 + Level 9.5 Throwing
 + Level 9.5 Armour
 + Level 9.1 Dodging
 + Level 10.0 Stealth
 + Level 9.1 Shields
 + Level 9.1 Unarmed Combat
 + Level 9.1 Spellcasting
 + Level 7.6 Conjurations
 + Level 7.6 Hexes
 + Level 7.6 Charms
 + Level 7.6 Summonings
 + Level 7.6 Necromancy
 + Level 7.6 Translocations
 + Level 7.6 Transmutations
 + Level 7.6 Fire Magic
 + Level 7.6 Ice Magic
 + Level 7.6 Air Magic
 + Level 7.6 Earth Magic
 + Level 7.6 Poison Magic
 + Level 9.9 Invocations
 + Level 9.1 Evocations


You had 29 spell levels left.
You knew the following spells:

 Your Spells              Type           Power        Failure   Level  Hunger
a - Blink                 Tloc           N/A          1%          2    None

Your spell library contained the following spells:

 Spells                   Type           Power        Failure   Level  Hunger
 Magic Dart               Conj           ####         1%          1    None
 Sandblast                Erth           ####..       1%          1    None
 Sting                    Conj/Pois      ####         1%          1    None
 Call Imp                 Summ           ####....     1%          2    None
 Passwall                 Tmut/Erth      ####....     1%          2    None
 Poisonous Vapours        Pois/Air       ####..       1%          2    None
 Slow                     Hex            ####....     1%          2    None
 Conjure Flame            Conj/Fire      ####....     1%          3    #......
 Mephitic Cloud           Conj/Pois/Air  ####....     1%          3    #......
 Stone Arrow              Conj/Erth      ####..       1%          3    #......
 Olgreb's Toxic Radiance  Pois           ####....     4%          4    ###....
 Petrify                  Tmut/Erth      ####....     4%          4    ###....
 Lee's Rapid Deconstruct  Erth           ####......   13%         5    #####..
 Venom Bolt               Conj/Pois      ####......   13%         5    #####..


Dungeon Overview and Level Annotations

Branches:
Dungeon (12/15)            Temple (1/1) D:5            Lair (6/6) D:11
  Swamp (0/4) Lair:4       Spider (0/4) Lair:2        Slime (0/5) Lair:5
    Orc (0/2) D:11

Altars:
Ashenzari
Cheibriados
Dithmenos
Elyvilon
Fedhas
Gozag
Hepliaklqana
Kikubaaqudgha
Makhleb
Nemelex Xobeh
Okawaru
Qazlal
Ru
Sif Muna
Trog
Vehumet
Wu Jian
Xom
Yredelemnul
Zin
The Shining One
Beogh
Jiyva

Shops:
D:8 =

Portals:
Trove: D:10 (give 14 scrolls of teleportation)

Annotations:
D:10 exclusion: downstairs
Lair:4 1 runed translucent door, CrPA's ghost, journeyman MiFi
Lair:6 exclusion: oklob plant


Innate Abilities, Weirdness & Mutations

Your experience applies equally to all skills.
((You have very sharp teeth.))
Your uncanny sense of smell can sniff out nearby items.


Message History

Evoke which item? (* to show all) (? for menu, Esc to quit)
Okay, then.
You feel agile all of a sudden.
Really quaff the potion of lignification?
You turn into a tree.
Your +0 cloak melds into your body.
Your +2 hat melds into your body.
Your +1 pair of gloves melds into your body.
Your +3 chain mail of poison resistance melds into your body.
You no longer feel resistant to poison.
Your roots penetrate the ground.
You slash the death knight!
The death knight is almost dead.
The death knight offers itself to Yredelemnul, and fills with unholy energy.
The death knight hits you with a +1 battleaxe of electrocution!!
* * * LOW HITPOINT WARNING * * *
You hit the death knight.
The death knight is almost dead.
The death knight reflects your damage back at you!
* * * LOW HITPOINT WARNING * * *
The death knight hits you with a +1 battleaxe of electrocution!
You die...

#######..# ###≈ #..# ##### #..#
#.... #..# #.... #..# #...[ #..#
#.... #..####################....
#######..........p...............
................♣°...............
##.#####################.........
#.# #..###.... #.# #..# #....
##.#####################..###....
.................................
.................................
.................................
##..##################...<.......


You could see a death knight.

Vanquished Creatures
  Rupert (Lair:6)
  Nessos (Lair:4)
  Harold (D:7)
  4 hydras
  3 catoblepae (Lair:6)
  4 death yaks (Lair:6)
  2 iron trolls (D:11)
  The ghost of theswoord the Cleaver, a novice DsMo of Kikubaaqudgha (D:8)
  2 deep trolls (D:11)
  An orb spider (Lair:2)
  Pikel (D:7)
  2 ugly things (D:11)
  A cyclops (D:11)
  2 manticores (Lair:6)
  4 black mambas
  The ghost of HawkI the Slasher, a novice NaWr (D:4)
  A torpor snail (Lair:5)
  A gargoyle (D:10)
  13 spiny frogs
  A redback zombie (D:11)
  3 rime drakes
  4 komodo dragons
  7 trolls (D:11)
  A hornet (D:10)
  10 blink frogs
  2 bog bodies (Lair:4)
  5 hippogriffs
  10 dream sheep (Lair:6)
  2 shadows (D:11)
  Sigmund (D:3)
  A wyvern (D:9)
  48 yaks
  7 basilisks
  A hungry ghost (D:8)
  3 soldier ants
  2 swamp worms (Lair:4)
  11 water moccasins
  8 porcupines
  A slave (D:7)
  5 orc warriors
  An ice beast (D:9)
  3 black bears
  2 sky beasts
  A necrophage (D:9)
  A phantom (D:8)
  8 wolves
  9 ogres
  2 eyes of draining (D:11)
  5 centaurs
  10 crocodiles
  15 bullfrogs
  4 scorpions
  6 killer bees (D:7)
  9 wights (D:11)
  5 electric eels
  3 crimson imps
  3 centaur zombies
  4 hounds
  2 quasits
  3 bullfrog zombies
  A centaur skeleton (D:4)
  2 jellies
  7 orc priests
  2 bullfrog skeletons
  7 orc wizards
  4 iguanas
  8 worker ants
  A worker ant zombie (D:6)
  A howler monkey zombie (D:6)
  11 adders
  A shadow imp (D:12)
  2 oozes
  An adder zombie (D:5)
  2 adder skeletons
  2 worms
  2 dart slugs
  5 leopard geckos
  53 orcs
  9 giant cockroaches
  11 goblins
  6 hobgoblins
  14 jackals
  3 quokkas
  3 ball pythons
  7 bats
  5 frilled lizards
  6 kobolds
  A leopard gecko skeleton (D:6)
  A leopard gecko zombie (D:7)
  A quokka zombie (D:8)
  8 rats
462 creatures vanquished.

Vanquished Creatures (others)
  A wolf (Lair:4)
  8 fungi
  11 plants
20 creatures vanquished.

Grand Total: 482 creatures vanquished

Notes
Turn   | Place    | Note
-------+----------+-------------------------------------------
     0 | D:1      | grindst0ne the Gnoll Wanderer began the quest for the Orb.
     0 | D:1      | grindst0ne set off with the following items: a +2 short
                  | sword, 2 potions of curing, a +0 robe, a +0 dagger, a
                  | ration
     0 | D:1      | Reached XP level 1. HP: 26/26 MP: 1/1
     7 | D:1      | Noticed a merfolk zombie
   177 | D:1      | Reached XP level 2. HP: 33/33 MP: 2/2
   309 | D:1      | Reached XP level 3. HP: 38/38 MP: 3/3
   621 | D:1      | Reached skill level 1 in Invocations
   908 | D:2      | Reached skill level 1 in Long Blades
   908 | D:2      | Reached skill level 1 in Axes
   908 | D:2      | Reached skill level 1 in Maces & Flails
   908 | D:2      | Reached skill level 1 in Polearms
   908 | D:2      | Reached skill level 1 in Staves
   908 | D:2      | Reached skill level 1 in Slings
   908 | D:2      | Reached skill level 1 in Crossbows
   908 | D:2      | Reached skill level 1 in Dodging
   908 | D:2      | Reached skill level 1 in Shields
   908 | D:2      | Reached skill level 1 in Unarmed Combat
   908 | D:2      | Reached skill level 1 in Spellcasting
   908 | D:2      | Reached skill level 1 in Evocations
   908 | D:2      | Reached XP level 4. HP: 45/45 MP: 5/5
   986 | D:2      | Learned a level 2 spell: Blink
  1178 | D:2      | Reached skill level 1 in Conjurations
  1178 | D:2      | Reached skill level 1 in Hexes
  1178 | D:2      | Reached skill level 1 in Charms
  1178 | D:2      | Reached skill level 1 in Summonings
  1178 | D:2      | Reached skill level 1 in Necromancy
  1178 | D:2      | Reached skill level 1 in Translocations
  1178 | D:2      | Reached skill level 1 in Transmutations
  1178 | D:2      | Reached skill level 1 in Fire Magic
  1178 | D:2      | Reached skill level 1 in Ice Magic
  1178 | D:2      | Reached skill level 1 in Air Magic
  1178 | D:2      | Reached skill level 1 in Earth Magic
  1178 | D:2      | Reached skill level 1 in Poison Magic
  1232 | D:2      | Reached XP level 5. HP: 47/51 MP: 6/6
  1244 | D:2      | Found a faded altar of an unknown god.
  1459 | D:3      | Noticed Sigmund
  1485 | D:3      | Killed Sigmund
  1485 | D:3      | Reached XP level 6. HP: 13/57 MP: 8/8
  2413 | D:4      | Reached XP level 7. HP: 52/63 MP: 10/10
  2650 | D:4      | Reached skill level 5 in Stealth
  2723 | D:4      | Reached skill level 9 in Fighting
  2729 | D:4      | Found a runed translucent gate.
  2731 | D:4      | Found a runed translucent gate.
  2732 | D:4      | Found a runed translucent gate.
  2732 | D:4      | Noticed HawkI's ghost (novice NaWr)
  2735 | D:4      | Identified the cursed +3 scimitar of the Enchanted Forest
                  | {pain, rPois rC+ Stlth+}
  2757 | D:4      | Found a roughly hewn altar of Beogh.
  2815 | D:4      | Found a hazy altar of Hepliaklqana.
  3055 | D:5      | Entered Level 5 of the Dungeon
  3120 | D:5      | Reached XP level 8. HP: 33/71 MP: 12/12
  3464 | D:5      | Found a staircase to the Ecumenical Temple.
  3474 | Temple   | Entered the Ecumenical Temple
  3508 | Temple   | Became a worshipper of Qazlal Stormbringer
  4526 | D:7      | Reached * piety under Qazlal
  4555 | D:7      | Reached XP level 9. HP: 39/76 MP: 14/14
  4851 | D:7      | Noticed Pikel
  4883 | D:7      | Killed Pikel
  4884 | D:7      | Reached skill level 5 in Short Blades
  4884 | D:7      | Reached skill level 5 in Bows
  4884 | D:7      | Reached skill level 5 in Throwing
  4884 | D:7      | Reached skill level 5 in Armour
  5366 | D:7      | Noticed Harold
  5388 | D:7      | Killed Harold
  5388 | D:7      | Reached skill level 5 in Invocations
  5388 | D:7      | Reached XP level 10. HP: 39/84 MP: 15/17
  5962 | D:8      | Found Homo's Jewellery Boutique.
  6050 | D:8      | Reached ** piety under Qazlal
  6223 | D:8      | Found a glowing golden altar of the Shining One.
  6261 | D:8      | Reached skill level 5 in Long Blades
  6261 | D:8      | Reached skill level 5 in Axes
  6261 | D:8      | Reached skill level 5 in Maces & Flails
  6261 | D:8      | Reached skill level 5 in Polearms
  6261 | D:8      | Reached skill level 5 in Staves
  6261 | D:8      | Reached skill level 5 in Slings
  6261 | D:8      | Reached skill level 5 in Crossbows
  6261 | D:8      | Reached skill level 5 in Dodging
  6261 | D:8      | Reached skill level 5 in Shields
  6261 | D:8      | Reached skill level 5 in Unarmed Combat
  6261 | D:8      | Reached skill level 5 in Spellcasting
  6261 | D:8      | Reached skill level 5 in Evocations
  6403 | D:8      | Found a runed translucent door.
  6449 | D:8      | Reached skill level 10 in Fighting
  6545 | D:8      | Noticed a two-headed ogre
  6551 | D:8      | Noticed theswoord's ghost (novice DsMo)
  7141 | D:4      | Killed HawkI's ghost
  8468 | D:10     | Entered Level 10 of the Dungeon
  8574 | D:10     | Reached *** piety under Qazlal
  8956 | D:10     | Reached XP level 11. HP: 77/91 MP: 19/19
  9173 | D:10     | Found a portal to a secret trove of treasure.
  9412 | D:11     | Noticed a red ugly thing
  9452 | D:11     | Killed a red ugly thing
  9468 | D:11     | Found a staircase to the Lair.
  9806 | D:11     | Noticed a green ugly thing
  9816 | D:11     | Killed a green ugly thing
  9816 | D:11     | Reached skill level 5 in Conjurations
  9816 | D:11     | Reached skill level 5 in Hexes
  9816 | D:11     | Reached skill level 5 in Charms
  9816 | D:11     | Reached skill level 5 in Summonings
  9816 | D:11     | Reached skill level 5 in Necromancy
  9816 | D:11     | Reached skill level 5 in Translocations
  9816 | D:11     | Reached skill level 5 in Transmutations
  9816 | D:11     | Reached skill level 5 in Fire Magic
  9816 | D:11     | Reached skill level 5 in Ice Magic
  9816 | D:11     | Reached skill level 5 in Air Magic
  9816 | D:11     | Reached skill level 5 in Earth Magic
  9816 | D:11     | Reached skill level 5 in Poison Magic
  9957 | D:11     | Reached **** piety under Qazlal
  9959 | D:11     | Found a staircase to the Orcish Mines.
 10027 | D:11     | Noticed a cyclops
 10067 | D:11     | Killed a cyclops
 11797 | D:11     | Noticed an iron troll
 11923 | Lair:1   | Entered Level 1 of the Lair of Beasts
 12399 | Lair:1   | Reached XP level 12. HP: 52/99 MP: 22/22
 14129 | Lair:2   | Reached skill level 11 in Fighting
 14479 | Lair:2   | Found a hole to the Spider Nest.
 15209 | Lair:3   | Noticed a six-headed hydra
 15211 | Lair:3   | Killed a six-headed hydra
 16113 | Lair:4   | Reached XP level 13. HP: 84/106 MP: 24/24
 16672 | Lair:4   | Noticed Nessos
 16686 | Lair:4   | Killed Nessos
 17259 | Lair:4   | Found a staircase to the Swamp.
 17390 | Lair:4   | Found a runed translucent door.
 17391 | Lair:4   | Noticed CrPA's ghost (journeyman MiFi)
 17823 | D:8      | Killed theswoord's ghost
 19017 | Lair:5   | You fall into a shaft and drop 1 floor!
 19017 | Lair:6   | Entered Level 6 of the Lair of Beasts
 19566 | Lair:5   | Found a viscous altar of Jiyva.
 19567 | Lair:5   | Found a staircase to the Slime Pits.
 19809 | Lair:5   | Found an ancient bone altar of Kikubaaqudgha.
 20636 | Lair:6   | Reached XP level 14. HP: 80/114 MP: 26/26
 21008 | Lair:6   | Noticed Rupert
 21277 | Lair:6   | Killed Rupert
 21277 | Lair:6   | Reached skill level 12 in Fighting
 21983 | Lair:6   | Reached skill level 10 in Stealth
 22808 | D:11     | Slain by a death knight

Levels and vault maps discovered:
D:1:      shiori_arrival_whats_in_store_for_you, layout_loops_ring, st_stairs_7
D:2:      layout_loops_ring, chequers_ecumenical_altar_lobes
D:3:      layout_loops_cross, first_ration, kennysheep_generic_room_6,
          uniq_sigmund
D:4:      layout_loops_cross, lemuel_doored_altar, biasface_ghost_orc_armoury
D:5:      layout_basic, minmay_temple_entry_ruins
D:6:      layout_loops_cross
D:7:      layout_basic, uniq_harold, uniq_pikel
D:8:      layout_gridville, basic_altar, serial_shops,
          nicolae_shop_temple_entry_statues_fountains,
          ebering_ghost_reflecting_pool
D:9:      layout_basic
D:10:     layout_loops_ring, enter_trove_2, hangedman_pestilent_swarm,
          kennysheep_generic_room_3
D:11:     lemuel_troll_bridge, layout_long_grid, lair_entry_dummy, david_orc_2
D:12:     layout_cave_pools
Temple:   compressed_dpeg_circular_temple
Lair:1:   layout_loops_ring
Lair:2:   layout_chaotic_city, nicolae_spider_entry_orb_guardian,
          grunt_megastairs_2
Lair:3:   layout_roguey, minmay_holes, grunt_megastairs_4,
          infiniplex_staircase_pool
Lair:4:   layout_gridlike, nicolae_swamp_entry_splash_gauntlet,
          gammafunk_ghost_grave, uniq_nessos
Lair:5:   layout_gridlike, dpeg_slime_entry_enclosed_altar, basic_altar,
          grunt_megastairs_3, lemuel_fruit_tree
Lair:6:   evilmike_catoblepas_cave, layout_loops_ring, lemuel_fruit_fields,
          minmay_lair_oklob_chamber, uniq_rupert

Skill      XL: |  1  2  3  4  5  6  7  8  9 10 11 12 13 14 |
---------------+-------------------------------------------+-----
Invocations    | 1 2 3 4 5 6 7 8 9 |  9.9
Long Blades    | 1 2 3 4 5 6 7 8 9 |  9.1
Axes           | 1 2 3 4 5 6 7 8 9 |  9.1
Maces & Flails | 1 2 3 4 5 6 7 8 9 |  9.1
Polearms       | 1 2 3 4 5 6 7 8 9 |  9.1
Staves         | 1 2 3 4 5 6 7 8 9 |  9.1
Slings         | 1 2 3 4 5 6 7 8 9 |  9.1
Crossbows      | 1 2 3 4 5 6 7 8 9 |  9.1
Dodging        | 1 2 3 4 5 6 7 8 9 |  9.1
Shields        | 1 2 3 4 5 6 7 8 9 |  9.1
Unarmed Combat | 1 2 3 4 5 6 7 8 9 |  9.1
Spellcasting   | 1 2 3 4 5 6 7 8 9 |  9.1
Evocations     | 1 2 3 4 5 6 7 8 9 |  9.1
Conjurations   | 1 2 3 4 5 6 7 |  7.6
Hexes          | 1 2 3 4 5 6 7 |  7.6
Charms         | 1 2 3 4 5 6 7 |  7.6
Summonings     | 1 2 3 4 5 6 7 |  7.6
Necromancy     | 1 2 3 4 5 6 7 |  7.6
Translocations | 1 2 3 4 5 6 7 |  7.6
Transmutations | 1 2 3 4 5 6 7 |  7.6
Fire Magic     | 1 2 3 4 5 6 7 |  7.6
Ice Magic      | 1 2 3 4 5 6 7 |  7.6
Air Magic      | 1 2 3 4 5 6 7 |  7.6
Earth Magic    | 1 2 3 4 5 6 7 |  7.6
Poison Magic   | 1 2 3 4 5 6 7 |  7.6
Short Blades   | 3 4 5 6 7 8 9 |  9.5
Bows           | 3 4 5 6 7 8 9 |  9.5
Throwing       | 3 4 5 6 7 8 9 |  9.5
Armour         | 3 4 5 6 7 8 9 |  9.5
Stealth        | 5 6 7 8 9 10 | 10.0
Fighting       | 9 10 11 12 | 12.1

Action                   |  1- 3 |  4- 6 |  7- 9 | 10-12 | 13-15 || total
-------------------------+-------+-------+-------+-------+-------++-------
Melee: Dagger            |    79 |   132 |   370 |  1376 |   812 ||  2769
       Bite              |     3 |    29 |    73 |   254 |   198 ||   557
       Short sword       |     1 |       |       |       |       ||     1
       Punch             |       |       |     6 |     7 |       ||    13
       Battleaxe         |       |       |       |       |   134 ||   134
       Lajatang          |       |       |       |       |    16 ||    16
Throw: Dart              |       |       |       |     7 |    20 ||    27
Invok: Upheaval          |       |       |       |     8 |    21 ||    29
Evoke: Wand              |       |       |     9 |    25 |     8 ||    42
       Lamp of fire      |       |       |       |     1 |     3 ||     4
       Lightning rod     |       |       |       |       |    13 ||    13
       Fan of gales      |       |       |       |       |     1 ||     1
       Phantom mirror    |       |       |       |       |     1 ||     1
  Use: Scroll            |     3 |     2 |     7 |     4 |     9 ||    25
       Potion            |       |     1 |     3 |     2 |    11 ||    17
 Stab: Sleeping          |     6 |     5 |     1 |       |       ||    12
       Paralysed         |       |       |     2 |     5 |     1 ||     8
       Petrified         |       |       |       |       |     6 ||     6
  Eat: Chunk             |       |     5 |     9 |    20 |    14 ||    48
       Ration            |       |       |       |     5 |     2 ||     7
Armor: Scale mail        |    34 |    14 |       |       |       ||    48
       Chain mail        |       |    27 |   210 |   419 |   322 ||   978
       Skin              |       |       |       |       |     5 ||     5
Dodge: Dodged            |    40 |    47 |   149 |   340 |   343 ||   919
       Deflected         |       |       |       |     2 |       ||     2
Block: Other             |       |       |     5 |    26 |    19 ||    50
       Buckler           |       |       |       |   408 |   302 ||   710
